AoeStats
← ocheda

Arena

510256924Analyzed
4v4 RM · 16h ago on Sep 30, 2026· 52m 13s· 8 players
Game mode
Random Map
Map size
Large (8 player)
Population
200
Speed
Normal
Resources
Standard
Victory
Conquest
Starting age
Dark Age
Ending age
Imperial Age
RankedLock teamsTeams togetherTeam positionsShared explorationLock speedFull tech treeHidden civsTurbo modeCheats
Victory
Defeat
🇨🇳 Khmer · China
1583
+7
🇨🇳 Mongols · China
1480
+10
🇭🇰 Britons · Hong Kong SAR China
1432
+12
🇨🇳 Franks · China
1333
+16
🇹🇼 Bengalis · Taiwan
1419
-14
🇦🇷 Hindustanis · Argentina
1382
-12
🇭🇰 Franks · Hong Kong SAR China
1318
-10
🇮🇳 Saracens · India
1294
-9
都挺好
10:20 Feudal Age
14:22 Castle Age
12:18 Double-Bit Axe
12:15 Horse Collar
15:40 Bow Saw
19:40 Loom
23:38 Wheelbarrow
26:46 Imperial Age
24:32 Heavy Plow
25:17 Hand Cart
25:57 Bloodlines
25:48 Husbandry
26:51 Heavy Camel Rider
27:53 Conscription
27:48 Gold Mining
28:17 Scale Barding Armor
28:22 Forging
29:23 Two-Man Saw
29:34 Chain Barding Armor
30:38 Town Watch
31:30 Plate Barding Armor
31:32 Iron Casting
31:33 Imperial Camel Rider
33:15 Grand Trunk Road
34:50 Blast Furnace
39:03 Caravan
40:47 Gold Shaft Mining
40:03 Stone Mining
41:31 Hoardings
41:29 Scale Mail Armor
41:29 Padded Archer Armor
41:19 Fletching
43:36 Light Cavalry
44:47 Hussar
45:07 Elite Skirmisher
45:53 Thumb Ring
46:49 Bodkin Arrow
47:10 Leather Archer Armor
48:41 Bracer
49:12 Ring Archer Armor
49:45 Chemistry
49:06 Ballistics
48:52 Siege Engineers
48:57 Masonry
48:43 Murder Holes
ocheda
11:09 Feudal Age
12:22 Double-Bit Axe
14:45 Castle Age
16:08 Bow Saw
23:32 Wheelbarrow
25:01 Hand Cart
25:00 Gold Mining
28:17 Imperial Age
25:34 Loom
26:58 Forging
26:35 Town Watch
27:31 Scale Barding Armor
28:25 Iron Casting
28:20 Cavalier
30:28 Chain Barding Armor
32:29 Blast Furnace
32:48 Chemistry
33:59 Plate Barding Armor
34:45 Paladin
35:49 Husbandry
40:30 Fletching
40:22 Elite Skirmisher
41:06 Padded Archer Armor
41:29 Ballistics
42:09 Bodkin Arrow
45:54 Leather Archer Armor
kaar
10:46 Feudal Age
14:37 Castle Age
12:51 Double-Bit Axe
13:12 Horse Collar
16:10 Bow Saw
16:37 Heavy Plow
20:17 Wheelbarrow
22:34 Gold Mining
24:11 Stone Mining
24:58 Gold Shaft Mining
26:32 Hand Cart
29:27 Imperial Age
26:46 Loom
26:48 Town Watch
27:16 Masonry
27:57 Scale Barding Armor
28:02 Forging
29:23 Chain Barding Armor
28:36 Pikeman
29:16 Squires
29:49 Bloodlines
29:39 Husbandry
30:18 Iron Casting
30:22 Ballistics
30:13 Fortified Wall
29:43 Heavy Camel Rider
30:23 Crossbowman
31:09 Thumb Ring
31:41 Plate Barding Armor
31:34 Bimaristan
31:45 Conscription
32:11 Elite Skirmisher
32:44 Fletching
32:55 Padded Archer Armor
33:58 Chemistry
34:47 Bodkin Arrow
35:08 Leather Archer Armor
35:50 Counterweights
35:08 Arbalester
35:50 Bracer
37:16 Ring Archer Armor
42:30 Siege Engineers
42:20 Murder Holes
42:13 Arrowslits
45:55 Hoardings
46:57 Light Cavalry
48:40 Hussar
50:47 Blast Furnace
Yves
4:58 Loom
11:28 Feudal Age
12:16 Double-Bit Axe
12:14 Horse Collar
15:06 Castle Age
16:05 Bow Saw
15:57 Heavy Plow
20:55 Wheelbarrow
21:32 Gold Mining
22:44 Hand Cart
22:35 Stone Mining
24:40 Gold Shaft Mining
28:43 Imperial Age
26:00 Town Watch
26:13 Fletching
26:48 Ballistics
26:57 Bodkin Arrow
27:03 Padded Archer Armor
27:17 Masonry
26:53 Elite Skirmisher
28:40 Leather Archer Armor
29:29 Bracer
29:53 Conscription
30:45 Chemistry
30:38 Ring Archer Armor
29:58 Crossbowman
31:44 Two-Man Saw
31:17 Crop Rotation
31:25 Elite Elephant Archer
32:15 Scale Barding Armor
32:42 Architecture
32:27 Husbandry
32:37 Bloodlines
32:37 Paiks
33:12 Caravan
33:52 Siege Engineers
36:54 Guilds
37:58 Mahayana
37:41 Murder Holes
39:18 Coinage
39:25 Siege Elephant
40:34 Devotion
41:15 Chain Barding Armor
41:06 Forging
42:35 Plate Barding Armor
41:45 Pikeman
42:11 Gambesons
42:27 Squires
42:12 Arson
41:54 Elite Ratha (Ranged)
45:45 Iron Casting
45:35 Arrowslits
46:01 Fortified Wall
45:52 Light Cavalry
50:59 Blast Furnace
大平果是小菜鸡父亲
10:40 Feudal Age
12:43 Double-Bit Axe
15:00 Castle Age
13:11 Horse Collar
15:57 Bow Saw
16:27 Wheelbarrow
18:10 Heavy Plow
20:01 Hand Cart
20:10 Gold Mining
25:21 Imperial Age
24:18 Gold Shaft Mining
23:55 Fletching
24:10 Loom
24:26 Stone Mining
24:35 Bodkin Arrow
24:41 Padded Archer Armor
24:41 Town Watch
25:45 Ballistics
26:34 Bracer
28:11 Chemistry
28:36 Leather Archer Armor
28:47 Conscription
29:35 Two-Man Saw
28:46 Crossbowman
29:37 Arbalester
31:09 Ring Archer Armor
32:17 Fortified Wall
34:01 Yeomen
34:59 Hoardings
41:32 Pikeman
42:12 Squires
45:36 Halberdier
46:33 Scale Mail Armor
46:05 Elite Skirmisher
47:04 Forging
46:53 Arson
47:55 Chain Mail Armor
49:12 Town Patrol
49:30 Arson
50:17 Plate Mail Armor
50:23 Iron Casting
50:46 Scale Barding Armor
50:37 Gambesons
50:13 Man-at-Arms
班长
10:22 Feudal Age
12:03 Double-Bit Axe
14:37 Castle Age
15:49 Bow Saw
17:50 Loom
23:46 Wheelbarrow
29:23 Imperial Age
27:13 Scale Barding Armor
27:19 Forging
27:14 Husbandry
27:57 Gold Mining
29:26 Chain Barding Armor
29:42 Iron Casting
30:50 Plate Barding Armor
30:36 Conscription
29:43 Cavalier
30:29 Pikeman
31:09 Squires
30:55 Arson
32:17 Gold Shaft Mining
31:06 Paladin
34:18 Blast Furnace
33:25 Halberdier
34:40 Scale Mail Armor
34:31 Fletching
37:42 Chain Mail Armor
41:53 Plate Mail Armor
42:24 Hand Cart
41:55 Town Watch
45:19 Bodkin Arrow
45:25 Padded Archer Armor
45:38 Masonry
45:39 Fortified Wall
46:30 Chemistry
45:26 Murder Holes
45:22 Guard Tower
49:36 Coinage
49:34 Caravan
51:48 Banking
白色风车
9:31 Feudal Age
13:15 Castle Age
11:24 Double-Bit Axe
13:57 Horse Collar
19:55 Bow Saw
22:34 Wheelbarrow
27:14 Imperial Age
25:23 Stone Mining
25:58 Hand Cart
25:45 Heavy Plow
26:18 Fletching
26:28 Padded Archer Armor
26:49 Ballistics
27:12 Stone Shaft Mining
26:28 Gold Mining
27:30 Bodkin Arrow
27:37 Husbandry
27:47 Bloodlines
27:44 Thumb Ring
28:47 Gold Shaft Mining
28:17 Bracer
29:40 Chemistry
29:24 Parthian Tactics
29:05 Elite Mangudai
30:30 Conscription
30:57 Leather Archer Armor
30:35 Loom
31:46 Capped Ram
32:50 Siege Ram
33:52 Drill
33:58 Onager
35:12 Siege Engineers
39:26 Coinage
41:59 Siege Onager
46:58 Caravan
47:29 Banking
Dalao
5:34 Loom
11:35 Feudal Age
14:40 Castle Age
13:03 Double-Bit Axe
15:13 Horse Collar
16:12 Wheelbarrow
21:07 Heavy Plow
21:26 Bow Saw
22:40 Hand Cart
22:35 Gold Mining
24:38 Gold Shaft Mining
28:27 Imperial Age
26:09 Town Watch
26:37 Scale Barding Armor
26:42 Forging
27:09 Town Patrol
28:17 Bloodlines
28:07 Husbandry
29:23 Chain Barding Armor
29:38 Iron Casting
28:45 Elite Battle Elephant
30:52 Plate Barding Armor
31:28 Light Cavalry
33:38 Scale Mail Armor
34:38 Blast Furnace
33:53 Pikeman
34:18 Arson
34:50 Halberdier
36:38 Chain Mail Armor
39:04 Hussar
45:22 Coinage
46:34 Banking
Connection lost

Rejoining the realm…

Still unreachable

The connection could not be restored.

Session expired

The server has moved on; the page needs a fresh start.